 Dungeon Crawl Stone Soup version 0.23.2-30-g0e89c35649 (webtiles) character file.

Game seed: 8487080836568876912

7 DildoBatman the Magician (level 2, -4/19 HPs)
             Began as a Formicid Wizard on June 17, 2019.
             Killed from afar by a dart slug (5 damage)
             ... with a slug dart
             ... on level 1 of the Dungeon.
             The game lasted 00:01:05 (289 turns).

DildoBatman the Magician (Formicid Wizard)           Turns: 289, Time: 00:01:05

Health: -4/19      AC:  2    Str: 11    XL:     2   Next: 10%
Magic:  0/6        EV: 12    Int: 17    God:
Gold:   14         SH:  0    Dex:  9    Spells: 6/7 levels left

rFire    . . .     SeeInvis +   b - +0 club
rCold    . . .     Gourm    .   (no shield)
rNeg     . . .     Faith    .   a - +0 robe
rPois    .         Spirit   .   (helmet unavailable)
rElec    .         Reflect  .   (no cloak)
rCorr    .         Harm     .   (no gloves)
MR       .....                  (no boots)
Stlth    ++........             c - amulet of the acrobat
HPRegen  0.06/turn              (no ring)
MPRegen  0.10/turn              (no ring)

@: very slightly contaminated
A: permanent stasis, dig shafts and tunnels, four strong arms, antennae 3
a: Dig, Shaft Self


You were on level 1 of the Dungeon.
You were not hungry.

You visited 1 branch of the dungeon, and saw 1 of its levels.

You collected 14 gold pieces.

Inventory:

Hand Weapons
 b - a +0 club (weapon)
Armour
 a - a +0 robe (worn)
Jewellery
 c - an amulet of the acrobat (around neck)
Scrolls
 d - a scroll of remove curse {unknown}
Comestibles
 v - a ration


   Skills:
 - Level 1.7 Dodging
 - Level 2.4 Stealth
 - Level 3.2 Spellcasting
 * Level 1.8 Conjurations
   Level 1.0 Summonings
   Level 0.8 Translocations


You had 6 spell levels left.
You knew the following spells:

 Your Spells              Type           Power        Failure   Level  Hunger
c - Magic Dart            Conj           #...         8%          1    None

Your spell library contained the following spells:

 Spells                   Type           Power        Failure   Level  Hunger
 Call Imp                 Summ           #.......     17%         2    ##.....
 Slow                     Hex            #.......     26%         2    ##.....
 Conjure Flame            Conj/Fire      #.......     34%         3    ###....
 Mephitic Cloud           Conj/Pois/Air  #.......     36%         3    ###....
 Blink                    Tloc           Unusable     N/A         2    N/A

Dungeon Overview and Level Annotations

Branches:
Dungeon (1/15)

Altars:


Innate Abilities, Weirdness & Mutations

You cannot be hasted, slowed, berserked, paralysed or teleported.
You can dig through walls and to a lower floor.
Your four strong arms can wield two-handed weapons with a shield.
You have a pair of large antennae on your head. (SInv)


Message History

The hobgoblin is almost dead.
The hobgoblin hits you but does no damage.
The frilled lizard bites you.
Casting: Magic Dart (safe; 9% risk of failure)
Confirm with . or Enter, or press ? or * to list all spells.
You don't have enough magic to cast that spell.
You barely miss the hobgoblin.
The hobgoblin is almost dead.
The hobgoblin misses you. The frilled lizard closely misses you.
The hobgoblin hits you.
Casting: Magic Dart (safe; 9% risk of failure)
Confirm with . or Enter, or press ? or * to list all spells.
You don't have enough magic to cast that spell.
You hit the hobgoblin.
You kill the hobgoblin!
The frilled lizard bites you. The dart slug launches a dart at you.
The slug dart hits you.
You die...

....##.###
#..+.........#....
...#..##
#######..#......##.###.#
#######
.........#..###.# #.#
.........'..# #.#### #.#
.........#### #....# #.#
.........# ####.# #..
#######'## #####'#####
#####.### #.........#
#....@..# #.......#.#
#...l...# #.......#.#
#....(..# #......##.#
#......(# #......##..
.........# #......####
.......w..# ########
...####.... ... ......


You could see a dart slug and a frilled lizard.

Vanquished Creatures
  A bat (D:1)
  A giant cockroach (D:1)
  A goblin (D:1)
  2 hobgoblins (D:1)
  A rat (D:1)
6 creatures vanquished.

Notes
Turn   | Place    | Note
-------+----------+-------------------------------------------
     0 | D:1      | DildoBatman the Formicid Wizard began the quest for the
                  | Orb.
     0 | D:1      | Reached XP level 1. HP: 13/13 MP: 4/4
    45 | D:1      | Reached skill level 1 in Conjurations
   276 | D:1      | Reached XP level 2. HP: 11/19 MP: 0/6
   289 | D:1      | Killed from afar by a dart slug

Skill      XL: |  1 |
---------------+----+-----
Conjurations   | 1 |  1.8
Dodging        | |  1.7
Stealth        | |  2.4
Spellcasting   | |  3.2
Summonings     | |  1.0
Translocations | |  0.8

Action                   || total
-------------------------++-------
Melee: Club              ||     8
       Unarmed           ||     3
 Cast: Magic Dart        ||    19
 Abil: Dig               ||     4
Armor: Robe              ||     7
Dodge: Dodged            ||    16
